 Dungeon Crawl Stone Soup version 0.19.0-16-g73b5abf (webtiles) character file.

175 6a6kaBkacke the Covered (level 5, -2/47 HPs)
             Began as a Minotaur Fighter on Nov 10, 2016.
             Slain by an orc warrior
             ... wielding a +0 hand axe
              (16 damage)
             ... on level 3 of the Dungeon.
             The game lasted 00:03:53 (1262 turns).

6a6kaBkacke the Covered (Minotaur Fighter)          Turns: 1262, Time: 00:03:54

Health: -2/47      AC:  7    Str: 26    XL:     5   Next: 29%
Magic:  4/4        EV:  8    Int:  5    God:
Gold:   110        SH: 10    Dex: 10    Spells: 0 memorised, 4 levels left

rFire  . . .     SeeInvis .     a - +0 trident
rCold  . . .     Gourm    .     b - +0 scale mail
rNeg   . . .     Faith    .     c - +0 shield
rPois  .         Spirit   .     (helmet restricted)
rElec  .         Reflect  .     (no cloak)
rCorr  .         Harm     .     (no gloves)
MR     .....                    (no boots)
Stlth  ..........               (no amulet)
                                (no ring)
                                (no ring)

@: mighty
A: retaliatory headbutt, horns 2
a: no special abilities


You were on level 3 of the Dungeon.
You were not hungry.

You visited 1 branch of the dungeon, and saw 3 of its levels.

You collected 110 gold pieces.

Inventory:

Hand Weapons
 a - a +0 trident (weapon)
Missiles
 s - a tomahawk (quivered)
Armour
 b - a +0 scale mail (worn)
 c - a +0 shield (worn)
Scrolls
 e - 2 scrolls of remove curse {unknown}
 h - a scroll of teleportation {unknown}
 k - 2 scrolls of identify {unknown}
 l - 2 scrolls of recharging {unknown}
 n - a scroll of enchant weapon {unknown}
 r - a scroll of magic mapping {unknown}
Potions
 i - a potion of heal wounds {unknown}
 j - a potion of lignification {unknown}
 o - 2 potions of degeneration {unknown}
 p - a potion of curing {unknown}
 q - a potion of agility {unknown}
Comestibles
 f - 5 bread rations
 g - 3 fruits
 m - 2 chunks of flesh


   Skills:
 + Level 4.5 Fighting
 * Level 4.6 Polearms
 + Level 4.6 Armour
 + Level 0.2 Dodging
 + Level 4.5 Shields


You had 4 spell levels left.
You didn't know any spells.

Dungeon Overview and Level Annotations

Branches:
Dungeon (3/15)

Altars:


Innate Abilities, Weirdness & Mutations

You reflexively headbutt those who attack you in melee.
You have a pair of horns on your head.


Message History

You block the orc warrior's attack. You block the orc's attack.
You hit the orc warrior but do no damage.
The orc warrior is heavily wounded.
The orc warrior closely misses you. The orc hits you but does no damage.
You hit the orc warrior.
The orc warrior is heavily wounded.
The orc warrior hits you with a hand axe.
You block the orc's attack.
You hit the orc warrior but do no damage.
The orc warrior is heavily wounded.
You block the orc's attack.
You closely miss the orc priest. You headbutt the orc priest!
The orc priest is heavily wounded.
The orc hits you from afar with a trident of piercing.
* * * LOW HITPOINT WARNING * * *
The orc priest closely misses you. You furiously retaliate!
You headbutt the orc priest!
You kill the orc priest!
The orc warrior hits you with a hand axe!
You die...

......###
##...#########.##....
.....## #....
..##.......### #.####
###.#.## #.#........###
.......
#......###.#..##.#..##.
...##### #.
#................... ...#
#.##.##....##.#..#.##...>.
...#
.(..........#..#.##..###
.#.# #.##.#o#####........#
##.# #..(o)@# ####..####
.. .........o### ##.#
#.#.#####...# #.# #.#.# #
#..... #.....# ......#
#.....#


You could see an orc warrior and 2 orcs.

Vanquished Creatures
  2 orc priests (D:3)
  Terence (D:2)
  The ghost of EoX the Cudgeler, a weakling TrBe of Trog (D:3)
  3 adders (D:2)
  A worm (D:2)
  2 dart slugs
  A leopard gecko (D:1)
  4 orcs (D:3)
  2 bats (D:2)
  2 giant cockroaches
  2 goblins
  3 hobgoblins (D:1)
  2 kobolds
  2 ball pythons
  4 frilled lizards
  6 rats
38 creatures vanquished.

Notes
Turn   | Place    | Note
-------+----------+-------------------------------------------
     0 | D:1      | 6a6kaBkacke the Minotaur Fighter began the quest for the Orb.
     0 | D:1      | Reached XP level 1. HP: 19/19 MP: 0/0
   182 | D:1      | Reached XP level 2. HP: 27/27 MP: 1/1
   643 | D:2      | Reached XP level 3. HP: 28/33 MP: 2/2
   895 | D:2      | Noticed Terence
   908 | D:2      | Killed Terence
   908 | D:2      | Reached XP level 4. HP: 35/41 MP: 3/3
  1097 | D:3      | Found a faded altar of an unknown god.
  1103 | D:3      | Noticed EoX's ghost (weakling TrBe)
  1114 | D:3      | Killed EoX's ghost
  1126 | D:3      | Reached XP level 5. HP: 29/47 MP: 4/4
  1246 | D:3      | Noticed an orc warrior
  1262 | D:3      | Slain by an orc warrior

Skill      XL: |  1  2  3  4 |
---------------+-------------+-----
Fighting       | 4 |  4.5
Polearms       | 3 4 |  4.6
Shields        | 4 |  4.5
Armour         | 4 |  4.6
Dodging        | |  0.2

Action                   |  1- 3 |  4- 6 || total
-------------------------+-------+-------++-------
Melee: Trident           |    83 |    42 ||   125
       Headbutt          |     8 |     8 ||    16
  Use: Potion            |       |     1 ||     1
  Eat: Meat ration       |       |     1 ||     1
Armor: Scale mail        |    24 |    11 ||    35
Dodge: Dodged            |    28 |    13 ||    41
Block: Shield            |    26 |    20 ||    46
